 Dungeon Crawl Stone Soup version 0.19-a0-1532-g228a5d9 (console) character file.

19556 utis the Fighter (level 13, -2/103 HPs)
             Began as a Formicid Warper on Sept 13, 2016.
             Was the Champion of Cheibriados.
             Slain by a seven-headed hydra (12 damage)
             ... on level 2 of the Lair of Beasts.
             The game lasted 01:40:22 (20948 turns).

utis the Fighter (Formicid Warper)                 Turns: 20948, Time: 01:40:23

Health: -2/103     AC: 17    Str: 32    XL:     13   Next: 5%
Magic:  1/21       EV: 15    Int: 36    God:    Cheibriados [******]
Gold:   767        SH:  0    Dex: 25    Spells: 6 memorised, 6 levels left

rFire  . . .     SeeInvis +     n - +0 morningstar
rCold  + . .     Gourm    .     L - +3 chain mail {rC+}
rNeg   . . .     Faith    .     (no shield)
rPois  .         Spirit   .     (helmet unavailable)
rElec  .         Dismiss  .     R - +0 cloak
rCorr  .         Reflect  .     (no gloves)
MR     ++...     Harm     .     Y - +1 pair of boots
Stlth  ..........               g - amulet of regeneration
                                E - +4 ring of intelligence
                                M - ring of protection from magic

@: very slow
A: permanent stasis, dig shafts and tunnels, four strong arms, antennae 3
a: Dig, Shaft Self, Bend Time, Temporal Distortion, Slouch, Step From Time,
Renounce Religion


You were on level 2 of the Lair of Beasts.
You worshipped Cheibriados.
Cheibriados was exalted by your worship.
You were not hungry.

You visited 3 branches of the dungeon, and saw 14 of its levels.

You collected 767 gold pieces.

Inventory:

Hand Weapons
 a - a +2 battleaxe of freezing
 b - a +3 shortbow
 l - a +3 dagger of venom
 n - a +0 morningstar (weapon)
Missiles
 e - 5 tomahawks of dispersal {=f}
 m - 31 poisoned needles
 p - 8 needles of confusion
 v - 3 tomahawks (quivered)
 y - 7 poisoned javelins
 z - 337 arrows
 C - 2 throwing nets {=f}
 D - 6 poisoned tomahawks
 P - 4 silver javelins
 U - 13 javelins
Armour
 d - the +5 scale mail of Elyvilon's Reproof {Str+3}
   (You found it on level 10 of the Dungeon)

   It affects your strength (+3).
 L - a +3 chain mail of cold resistance (worn)
 R - a +0 cloak (worn)
 V - a +3 chain mail
 Y - a +1 pair of boots (worn)
Jewellery
 g - an amulet of regeneration (around neck)
 k - an uncursed amulet of magic regeneration
 E - a +4 ring of intelligence (right hand)
 F - an uncursed ring of protection from fire
 I - a +2 ring of intelligence
 M - a ring of protection from magic (left hand)
Wands
 i - a wand of teleportation (1/9) {@v4}
 K - a wand of lightning (9/15)
Scrolls
 r - a scroll of magic mapping
 s - a scroll of amnesia
 t - 2 scrolls of fear
 x - 2 scrolls of remove curse {@r2}
 J - 3 scrolls of recharging
 T - a scroll of noise {unknown}
 X - a scroll of vulnerability {unknown}
Potions
 u - 2 potions of curing {@q1}
 w - a potion of brilliance
 A - a potion of ambrosia
 O - 4 potions of agility
 Q - a potion of resistance
 S - a potion of flight
 W - a potion of magic {unknown}
Books
 c - a book of the Tempests

   Spells                             Type                      Level
   a - Static Discharge               Conjuration/Air              3
   b - Lightning Bolt                 Conjuration/Air              5
   c - Fireball                       Conjuration/Fire             5
   d - Tornado                        Air                          9
   e - Shatter                        Earth                        9
 q - a book of Enchantments

   Spells                             Type                      Level
   a - Cause Fear                     Hexes                        4
   b - Yara's Violent Unravelling     Hexes/Transmutation          5
   c - Silence                        Hexes/Air                    5
   d - Deflect Missiles               Charms/Air                   6
   e - Haste                          Charms                       6
   f - Discord                        Hexes                        8
Miscellaneous
 G - a disc of storms
Comestibles
 f - 8 bread rations {@e1}
 h - 3 fruits {@e2}
 j - 2 chunks of flesh
 o - a slice of pizza {@e2}
 B - 6 meat rations {@e1}
 H - a beef jerky {@e2}
 N - 2 royal jellies {@e3}


   Skills:
 - Level 9.9 Fighting
 - Level 4.0 Short Blades
 - Level 8.9(9.2) Axes
 - Level 3.2(6.5) Maces & Flails
 - Level 1.0 Throwing
 - Level 7.8 Armour
 - Level 6.7 Dodging
 - Level 5.5 Spellcasting
 - Level 5.5 Hexes
 - Level 3.0 Charms
 - Level 7.3 Translocations
 + Level 7.1 Invocations


You had 6 spell levels left.
You knew the following spells:

 Your Spells              Type           Power        Failure   Level  Hunger
a - Apportation           Tloc           ######....   1%          1    None
d - Passage of Golubria   Tloc           N/A          10%         4    ##.....
g - Shroud of Golubria    Chrm/Tloc      #####.....   2%          2    None
o - Teleport Other        Tloc           ######..     1%          3    None
t - Portal Projectile     Tloc           ######       1%          3    None
x - Cause Fear            Hex            ######....   17%         4    ##.....


Dungeon Overview and Level Annotations

Branches:
Dungeon (11/15)            Temple (1/1) D:7            Lair (2/6) D:8
    Orc (0/2) D:9
  Swamp: Lair:2-4    Shoals: Lair:2-4     Snake: Lair:2-4    Spider: Lair:2-4

Altars:
Ashenzari
Cheibriados
Dithmenos
Elyvilon
Fedhas
Gozag
Hepliaklqana
Kikubaaqudgha
Makhleb
Nemelex Xobeh
Okawaru
Qazlal
Ru
Sif Muna
Trog
Uskayaw
Vehumet
Xom
Yredelemnul
Zin
The Shining One
Beogh

Annotations:
D:3 Bronet's ghost, amateur FoFi
D:10 exclusions: obsidian statue and orange crystal statue


Innate Abilities, Weirdness & Mutations

You are under a permanent stasis effect.
You can dig through walls and to a lower floor.
Your four strong arms can wield two-handed weapons with a shield.
You have a pair of large antennae on your head. (SInv)


Message History

Unknown command.
The seven-headed hydra closely misses you.
The seven-headed hydra bites you.
* * * LOW HITPOINT WARNING * * *
The seven-headed hydra closely misses you.
The seven-headed hydra bites you but does no damage.
The seven-headed hydra closely misses you.
The seven-headed hydra bites you.
* * * LOW HITPOINT WARNING * * *
The seven-headed hydra bites you but does no damage.
Enter note:
Okay, then.
Unknown command.
Unknown command.
You feel better.
The seven-headed hydra is no longer moving slowly.
The seven-headed hydra bites you!
* * * LOW HITPOINT WARNING * * *
The seven-headed hydra bites you!
You die...

..░......░ ....░......+.....▒....
.░░.....░░.....░░....▒...........
.░......░ .....░.....▒....▒▒....
..░.....░ ...░░....▒......▒....
.........░ ░.░░...........▒.....
........░░░░░.░.⚵....▒÷▒▒.▒▒⚶....
......)...............▒▒▒▒.▒▒....
.................................
...............Da......[.........
................................/
.........░...░.⚵.....░░░..░░░..➘.
░.░░.................░ ░.░░⚶░....
░+░░...░.......░.....░░░†░.......
. ░...░.......⚵..........+......
. ... ░.......⚵............░....
.. ....................⚶......
..░.......░..........⚶░.....


You could see a seven-headed hydra.

Vanquished Creatures
  A catoblepas (Lair:2)
  Urug (Lair:2)
  An unseen horror (D:9)
  An ugly thing (D:11)
  An elephant (D:8)
  3 spiny frogs
  A rime drake (Lair:2)
  A freezing wraith (Lair:2)
  4 komodo dragons
  2 polar bears (Lair:2)
  3 blink frogs (Lair:1)
  25 yaks
  A spriggan (D:9)
  3 hippogriffs
  A hungry ghost (D:10)
  6 wargs
  6 water moccasins
  3 porcupines
  5 sky beasts
  8 orc warriors
  A phantom (D:7)
  2 black bears
  5 ice beasts
  A wasp (D:11)
  5 ogres
  2 necrophages
  4 wolves (Lair:2)
  9 centaurs
  3 crocodiles
  9 giant frogs
  2 gnoll sergeants
  2 scorpions
  10 killer bees
  4 wights (D:4)
  2 howler monkeys (D:8)
  A centaur zombie (D:10)
  A quasit (D:7)
  4 crimson imps
  9 orc priests
  A jelly (D:9)
  2 giant frog zombies
  10 hounds
  7 orc wizards
  3 giant frog skeletons
  3 centaur skeletons
  Natasha (thrice) (D:3)
  8 iguanas
  9 worker ants
  A hound zombie (D:5)
  3 worker ant zombies
  20 gnolls
  11 adders
  15 river rats (Lair:2)
  5 shadow imps
  2 white imps (Lair:2)
  An ooze (D:2)
  2 adder zombies
  5 worms
  2 dart slugs
  4 giant geckos
  48 orcs
  2 ball pythons
  4 giant cockroaches
  18 goblins
  9 hobgoblins
  8 jackals
  7 kobolds
  8 quokkas
  3 bats
  6 giant newts
  A quokka skeleton (D:5)
  13 rats
  2 fungi
  A plant (Lair:2)
400 creatures vanquished.

Vanquished Creatures (others)
  A fungus (Lair:2)
1 creature vanquished.

Grand Total: 401 creatures vanquished

Notes
Turn   | Place    | Note
-------+----------+-------------------------------------------
     0 | D:1      | utis the Formicid Warper began the quest for the Orb.
     0 | D:1      | Reached XP level 1. HP: 16/16 MP: 3/3
   553 | D:1      | Reached XP level 2. HP: 22/22 MP: 5/5
   561 | D:1      | Learned a level 2 spell: Shroud of Golubria
  1237 | D:1      | Reached XP level 3. HP: 20/27 MP: 6/6
  1882 | D:2      | Reached skill level 1 in Short Blades
  2427 | D:2      | Reached XP level 4. HP: 30/33 MP: 7/7
  2497 | D:2      | Learned a level 3 spell: Teleport Other
  3334 | D:2      | Reached XP level 5. HP: 36/39 MP: 6/8
  4174 | D:3      | Noticed Natasha
  4188 | D:3      | Noticed Bronet's ghost (amateur FoFi)
  4189 | D:3      | Killed Natasha
  4189 | D:3      | Reached skill level 3 in Fighting
  4189 | D:3      | Reached XP level 6. HP: 45/47 MP: 8/10
  4754 | D:2      | Learned a level 4 spell: Passage of Golubria
  5015 | D:2      | Reached skill level 1 in Charms
  5322 | D:3      | Noticed Natasha
  5337 | D:3      | Killed Natasha
  5344 | D:3      | Noticed Natasha
  5352 | D:3      | Killed Natasha
  5680 | D:3      | Reached XP level 7. HP: 52/52 MP: 9/12
  6005 | D:4      | Found a sparkling altar of Nemelex Xobeh.
  6840 | D:4      | Reached skill level 4 in Fighting
  7105 | D:4      | Reached XP level 8. HP: 61/61 MP: 9/13
  7779 | D:5      | Entered Level 5 of the Dungeon
  8163 | D:6      | Reached skill level 5 in Fighting
  8887 | D:5      | Found a bloodstained altar of Trog.
  8888 | D:5      | Found a shimmering altar of Xom.
  8890 | D:5      | Found a hazy altar of Hepliaklqana.
  8923 | D:5      | Found a glowing golden altar of the Shining One.
  9188 | D:5      | Learned a level 3 spell: Portal Projectile
  9256 | D:6      | Reached skill level 6 in Fighting
  9756 | D:6      | Reached XP level 9. HP: 68/71 MP: 12/14
  9826 | D:6      | Reached skill level 7 in Fighting
  9896 | D:6      | Found a shadowy altar of Dithmenos.
 10621 | D:6      | Found a basalt altar of Yredelemnul.
 10621 | D:6      | Found a stormy altar of Qazlal.
 10684 | D:6      | Found a white marble altar of Elyvilon.
 11044 | D:7      | gaaaah
 11056 | D:7      | ooops
 11729 | D:7      | Reached skill level 5 in Translocations
 12148 | D:7      | Found a staircase to the Ecumenical Temple.
 12492 | Temple   | Entered the Ecumenical Temple
 12714 | Temple   | Became a worshipper of Cheibriados the Contemplative
 12783 | D:7      | Reached skill level 1 in Invocations
 13143 | D:8      | Reached * piety under Cheibriados
 13375 | D:8      | Found a roughly hewn altar of Beogh.
 13406 | D:8      | Reached XP level 10. HP: 55/80 MP: 12/16
 13473 | D:8      | Noticed an elephant
 13497 | D:8      | Killed an elephant
 13518 | D:8      | Found a staircase to the Lair.
 13533 | D:8      | Reached skill level 5 in Spellcasting
 13866 | D:8      | Found a blossoming altar of Fedhas.
 13965 | D:8      | Found a burning altar of Makhleb.
 14164 | D:8      | Reached ** piety under Cheibriados
 14673 | D:8      | screw this
 15158 | D:9      | Reached skill level 5 in Armour
 15200 | D:9      | Reached skill level 8 in Fighting
 15271 | D:9      | Reached *** piety under Cheibriados
 15594 | D:9      | Reached skill level 5 in Dodging
 15614 | D:9      | Noticed an unseen horror
 15639 | D:9      | Killed an unseen horror
 15639 | D:9      | Reached XP level 11. HP: 74/87 MP: 19/19
 15860 | D:9      | Found a staircase to the Orcish Mines.
 16190 | D:9      | Reached skill level 9 in Fighting
 16276 | D:10     | Entered Level 10 of the Dungeon
 16396 | D:10     | Reached **** piety under Cheibriados
 16876 | D:10     | Noticed an orange crystal statue
 17192 | D:10     | Noticed a hill giant
 17339 | D:10     | Noticed an obsidian statue
 17695 | D:10     | Reached ***** piety under Cheibriados
 17845 | D:10     | ooops
 17877 | D:10     | Got a heavily runed scale mail
 17926 | D:10     | Identified the +5 scale mail of Elyvilon's Reproof {Str+3} (You found it on level 10 of the Dungeon)
 18045 | D:10     | Reached skill level 1 in Axes
 18225 | D:11     | Noticed a hill giant
 18355 | D:11     | Noticed a cyan ugly thing
 18365 | D:11     | Killed a cyan ugly thing
 18511 | D:11     | Reached skill level 5 in Axes
 18511 | D:11     | Reached XP level 12. HP: 87/97 MP: 18/20
 19080 | Lair:1   | Entered Level 1 of the Lair of Beasts
 19897 | Lair:1   | Learned a level 4 spell: Cause Fear
 19918 | Lair:2   | Reached skill level 1 in Hexes
 19928 | Lair:2   | Reached ****** piety under Cheibriados
 20091 | Lair:2   | Noticed a catoblepas
 20104 | Lair:2   | Killed a catoblepas
 20104 | Lair:2   | Reached skill level 5 in Hexes
 20310 | Lair:2   | Noticed a seven-headed hydra
 20586 | Lair:2   | Reached skill level 5 in Invocations
 20681 | Lair:2   | Noticed Urug
 20695 | Lair:2   | Killed Urug
 20695 | Lair:2   | Reached XP level 13. HP: 56/103 MP: 15/21
 20948 | Lair:2   | Slain by a seven-headed hydra

Vault maps used:
D:1:      elethiomel_arrival_infinity_welcomes_careful_drivers,
          minmay_misc_feat_square, minmay_misc_feat_iff, minmay_domino_4
D:3:      uniq_natasha
D:4:      nemelex_xobeh_ov_fountains_minmay, serial_column_ruins,
          column_ruins_columns_straight, column_ruins_columns_straight,
          column_ruins_open_small_water, column_ruins_open_tiny,
          column_ruins_columns_straight, minmay_misc_feat_four_crosses
D:5:      minitemple, lemuel_crystal_altar, first_bread
D:6:      lemuel_coloured_pillars_altar, amethyst_overflow_temple_binary,
          grunt_ministairs_6, nicolae_dithmenos_the_darkroom
D:8:      fedhas_bush_and_centaur_altar, kennysheep_mini, david_lair_generic,
          special_room
D:9:      erik_orc_4, the_bakery
D:10:     minmay_separated_statues, nooodl_orcs_dogs
Temple:   minmay_temple_curvy_loop
Lair:1:   grunt_megastairs_4, infiniplex_staircase_pool
Lair:2:   basic_altar, ice2_lemuel, uniq_urug

Skill      XL: |  1  2  3  4  5  6  7  8  9 10 11 12 13 |
---------------+----------------------------------------+-----
Maces & Flails | 3 |  3.2
Short Blades   | 1 2 4 |  4.0
Translocations | 3 4 5 7 |  7.3
Fighting       | 3 4 6 7 8 9 |  9.9
Charms         | 1 3 |  3.0
Spellcasting   | 3 4 5 |  5.5
Dodging        | 2 3 4 5 6 |  6.7
Armour         | 2 4 6 7 |  7.8
Invocations    | 3 6 7 |  7.1
Axes           | 5 8 |  8.9
Hexes          | 5 |  5.5
Throwing       | |  1.0

Action                   |  1- 3 |  4- 6 |  7- 9 | 10-12 | 13-15 || total
-------------------------+-------+-------+-------+-------+-------++-------
Melee: Mace              |    65 |     9 |       |       |       ||    74
       Dagger            |    44 |   249 |   394 |   658 |       ||  1345
       Flail             |       |    10 |   157 |    52 |       ||   219
       Great sword       |       |       |     8 |     4 |       ||    12
       Battleaxe         |       |       |       |   272 |    38 ||   310
       Morningstar       |       |       |       |       |     5 ||     5
 Fire: Shortbow          |       |       |    19 |     7 |       ||    26
Throw: Stone             |     6 |     5 |    14 |    14 |       ||    39
       Tomahawk          |       |       |       |     7 |       ||     7
 Cast: Shroud of Golubri |       |    26 |    76 |   115 |     7 ||   224
       Teleport Other    |       |       |    12 |    17 |     3 ||    32
       Apportation       |       |       |       |     2 |       ||     2
       Passage of Golubr |       |       |       |     2 |       ||     2
       Cause Fear        |       |       |       |     1 |       ||     1
Invok: Bend Time         |       |       |       |       |     2 ||     2
 Abil: Dig               |       |       |     1 |    17 |     1 ||    19
Evoke: Wand              |       |       |       |     1 |       ||     1
  Use: Scroll            |     2 |     2 |    13 |    10 |       ||    27
       Potion            |       |       |     1 |     3 |     2 ||     6
  Eat: Chunk             |     5 |    11 |    10 |    10 |     1 ||    37
       Fruit             |       |     2 |     1 |       |       ||     3
       Bread ration      |       |       |     3 |     1 |       ||     4
       Pizza             |       |       |     1 |       |       ||     1
       Meat ration       |       |       |     1 |       |       ||     1
Armor: Leather armour    |    31 |    57 |     2 |       |       ||    90
       Ring mail         |       |       |   139 |       |       ||   139
       Scale mail        |       |       |    28 |   165 |       ||   193
       Chain mail        |       |       |       |   249 |    42 ||   291
Dodge: Dodged            |    52 |   143 |   319 |   651 |    87 ||  1252
